 Dungeon Crawl Stone Soup version 0.29-a0-653-gd47aff6735 (webtiles) character file.

Game seed: 3903727892444572534

9241 omnomnOMINOUS the Fighter (level 11, -4/103 (115) HPs)
             Began as an Octopode Wanderer on June 22, 2022.
             Was a High Priest of Ru.
             Slain by a boulder beetle (61 damage)
             ... on level 11 of the Dungeon.
             The game lasted 00:37:09 (13567 turns).

omnomnOMINOUS the Fighter (Octopode Wanderer)      Turns: 13567, Time: 00:37:11

HP:   -4/103 (115)  AC: 25    Str: 13    XL:     11   Next: 43%
MP:   15/17         EV:  2    Int: 21    God:    Ru [*****.]
Gold: 684           SH:  0    Dex: 14    Spells: 5/18 levels left

rFire   . . .      SeeInvis +   a - +2 hand axe
rCold   + . .      Faith    .   (helmet currently unavailable)
rNeg    + . .      Spirit   .   K - amulet of regeneration
rPois   +          Reflect  .   g - ring of positive energy
rElec   .          Harm     .   p - ring of see invisible
rCorr   .          Rampage  .   t - ring of protection from cold
Will    .....      NoTele   +   I - +6 ring of intelligence
Stlth   +.........              M - +4 ring of evasion
HPRegen 1.07/turn               (no ring)
MPRegen 0.15/turn               (no ring)

@: mighty, tree-form, attractive, heavily drained
A: stationary, stasis, torment immunity, boosted hp, almost no armour,
(amphibious), 7 rings, (camouflage 1), (gelatinous body 1), missing a hand,
hated by all, missing an eye, (nimble swimmer 1), (tentacles)
a: Renounce Religion, Draw Out Power, Power Leap, Apocalypse


You were on level 11 of the Dungeon.
You worshipped Ru.
Ru was extremely pleased with you.
You were a tree.
You visited 1 branch of the dungeon, and saw 11 of its levels.

You collected 702 gold pieces.
You spent 18 gold pieces at shops.

Inventory:

Hand Weapons
 a - a +2 hand axe (weapon)
 z - a +3 long sword
 O - a +3 short sword of venom
Missiles
 L - 2 datura-tipped darts
 N - a throwing net
Armour
 x - a +1 hat (melded)
Magical Staves
 b - a staff of poison
Jewellery
 g - a ring of positive energy (left branch)
 p - a ring of see invisible (right branch)
 t - a ring of protection from cold (on tentacle)
 F - an amulet of faith
 G - a ring of ice
 I - a +6 ring of intelligence (on tentacle)
 K - an amulet of regeneration (around neck)
 M - a +4 ring of evasion (on tentacle)
Wands
 q - a wand of light (7)
 w - a wand of iceblast (11)
 y - a wand of paralysis (4)
 H - a wand of polymorph (20)
Scrolls
 j - 5 scrolls of immolation
 m - 3 scrolls of amnesia
 r - a scroll of brand weapon {unknown}
 s - 2 scrolls of teleportation
 v - a scroll of torment
 A - a scroll of magic mapping {unknown}
 C - 2 scrolls of fear {unknown}
 E - a scroll of enchant armour {unknown}
Potions
 e - 6 potions of curing
 f - a potion of magic
 h - a potion of might
 i - 2 potions of berserk rage
 k - 2 potions of flight {unknown}
 l - 2 potions of attraction
 n - 6 potions of lignification
 o - 3 potions of haste
 u - a potion of ambrosia {unknown}
 D - 2 potions of degeneration {unknown}
 J - a potion of cancellation {unknown}
Miscellaneous
 c - a piece from Xom's chessboard (7/15) (quivered)


   Skills:
 + Level 8.1 Fighting
 - Level 4.0 Axes
 + Level 7.9 Dodging
 - Level 4.0 Spellcasting
 + Level 7.3 Conjurations
 + Level 7.3 Ice Magic
 + Level 7.2 Air Magic
 - Level 3.2 Evocations


You had 5 spell levels left.
You knew the following spells:

 Your Spells              Type           Power      Damage    Failure   Level
a - Mephitic Cloud        Conj/Pois/Air  24%        N/A       4%          3
b - Freezing Cloud        Conj/Ice/Air   17%        6-21      17%         5
c - Swiftness             Air            34%        N/A       1%          3
d - Passwall              Tmut/Erth      3%         N/A       19%         2

Your spell library contained the following spells:

 Spells                   Type           Power      Damage    Failure   Level
 Ensorcelled Hibernation  Hex/Ice        38%        N/A       4%          2
 Gell's Gravitas          Tloc           4%         N/A       34%         3
 Ignite Poison            Fire/Tmut/Pois 4%         N/A       34%         3
 Lesser Beckoning         Tloc           4%         N/A       34%         3
 Teleport Other           Tloc           4%         N/A       34%         3


Dungeon Overview and Level Annotations

Branches:
Dungeon (11/15)            Temple (0/1) D:5
   Lair: D:8-11         Orc: D:9-12

Altars:
Ashenzari
Cheibriados
Gozag
Hepliaklqana
Kikubaaqudgha
Makhleb
Nemelex Xobeh
Qazlal
Ru
Vehumet
Wu Jian
Xom
Yredelemnul
Zin

Shops:
D:2 (   D:8 *

Annotations:
D:4 2 transporters
D:7 2 transporters
D:10 exclusions: steam dragon and 2 unseen horrors
D:11 exclusion: tengu warrior


Innate Abilities, Weirdness & Mutations

You are a tree.
Your roots penetrate the ground, keeping you stationary.
You cannot be teleported.
You are immune to unholy pain and torment.
Your maximum health is greatly increased.
You cannot wear most types of armour.
((You are amphibious.))
You can wear up to seven rings at the same time.
((Your skin changes colour to match your surroundings (Stealth+).))
((Your rubbery body absorbs attacks. (AC +1, EV +1)))
You are missing a hand.
You are hated by all.
You are missing an eye, making it more difficult to aim.
((You are camouflaged when in or above water. (Stealth+)))
((You have tentacles for arms and can constrict up to seven enemies at once.))


Message History

The elephant is severely wounded.
The yak is engulfed in noxious fumes.
The yak appears confused.
The yak gores itself!
You slash the elephant!
The elephant is almost dead.
The boulder beetle curls into a ball and begins rolling!
The yak is engulfed in noxious fumes.
Really quaff the potion of attraction?
Okay, then.
Really quaff the potion of attraction?
You feel attractive to monsters.
The yak is engulfed in noxious fumes.
The yak appears confused.
The yak is attracted toward you. The elephant is attracted toward you.
The boulder beetle is attracted toward you.
Unknown command.
You slash the elephant!
You kill the elephant!
You hit the boulder beetle but do no damage.
You hit the yak. The boulder beetle hits you.
The boulder beetle stops rolling and uncurls.
You redirect the yak's attack!
The yak gores the boulder beetle.
You hit the boulder beetle but do no damage.
The boulder beetle is almost dead.
You hit the yak.
The boulder beetle leaps!
The yak gores you!
You focus your inner power and illuminate the yak in retribution!
The boulder beetle is attracted toward you.
You slash the yak!
You kill the yak!
The boulder beetle curls into a ball and begins rolling!
The boulder beetle is attracted toward you.
You barely miss the boulder beetle.
You punch the boulder beetle, but do no damage.
The boulder beetle is almost dead.
The boulder beetle is stunned by your conviction and fails to attack.
You hit the boulder beetle.
The boulder beetle is almost dead.
The boulder beetle hits you!!!
Ouch! That really hurt!
You die...

..≈≈≈≈≈≈.#######'####
...≈≈≈≈≈.....#.......##
..≈≈≈≈≈≈.....#........#
....≈≈≈≈.....+........#
........≈....#........#
..........####+###+#..#
........§.........# #.#
..........B........# .#
...........♣........# #
#....................#
#....................#
#....................#
#....................#
#............#######)#
#............#.......#
#....[.......'.......#
#............#..<....#


You could see a boulder beetle (rolling, strong, invisible).

Vanquished Creatures
  Harold (D:9)
  A two-headed ogre (D:9)
  An ugly thing (D:9)
  An elephant (D:11)
  Maggie (D:6)
  A hornet (D:10)
  2 trolls (D:10)
  A meliai zombie (D:10)
  2 shadows (D:9)
  Sigmund (D:4)
  A vampire (D:11)
  6 yaks
  Eustachio (D:4)
  3 steam dragons
  2 sky beasts
  A black bear (D:6)
  4 orc warriors
  2 ice beasts
  An ogre (D:6)
  6 centaurs
  A phantom (D:6)
  3 bullfrogs
  2 necrophages
  A kobold brigand (D:8)
  A scorpion (D:5)
  6 wights
  3 killer bees (D:9)
  4 howler monkeys
  A crimson imp (D:6)
  5 centaur zombies (D:10)
  An orc priest (D:6)
  2 jellies
  A gnoll shaman (D:3)
  3 iguanas
  4 orc wizards
  3 howler monkey zombies (D:10)
  3 gnolls
  8 adders
  2 white imps
  2 ufetubi
  3 worms
  3 dart slugs
  13 orcs
  4 endoplasms
  3 giant cockroaches
  7 goblins
  6 hobgoblins
  10 jackals
  3 quokkas
  4 ball pythons
  6 bats
  10 kobolds
  4 rats
171 creatures vanquished.

Vanquished Creatures (others)
  An unseen horror zombie (D:10)
  A scorpion (D:7)
  A wight (D:6)
  An electric eel (D:11)
  An orc wizard (D:6)
5 creatures vanquished.

Grand Total: 176 creatures vanquished

Notes
Turn   | Place    | Note
-------+----------+-------------------------------------------
     0 | D:1      | omnomnOMINOUS the Octopode Wanderer began the quest for the
                  | Orb.
     0 | D:1      | omnomnOMINOUS set off with the following items: a +2 hand
                  | axe, a +0 shortbow, a piece from Xom's chessboard (15/15),
                  | a potion of heal wounds.
     0 | D:1      | Reached XP level 1. HP: 13/13 MP: 1/1
   174 | D:1      | Reached XP level 2. HP: 18/18 MP: 2/2
   280 | D:1      | Found a faded altar of an unknown god.
   283 | D:1      | Prayed at the altar of an unknown god.
   283 | D:1      | Became a worshipper of Ru the Awakened
   294 | D:1      | Gained mutation: You are hated by all. [Ru sacrifice]
   294 | D:1      | Reached * piety under Ru
   442 | D:1      | Reached skill level 1 in Spellcasting
   613 | D:1      | Reached XP level 3. HP: 5/24 MP: 4/4
   614 | D:1      | Reached skill level 2 in Fighting
   916 | D:2      | Reached XP level 4. HP: 24/29 MP: 6/6
  2073 | D:2      | Reached XP level 5. HP: 14/35 MP: 8/8
  2087 | D:2      | Learned a level 5 spell: Freezing Cloud
  2449 | D:2      | Found Zaposixuegu's Weapon Boutique.
  2496 | D:2      | Learned a level 3 spell: Mephitic Cloud
  2772 | D:4      | Noticed Sigmund
  3097 | D:4      | Found a transporter.
  3197 | D:4      | Found a sparkling altar of Nemelex Xobeh.
  3233 | D:4      | Noticed Eustachio
  3241 | D:5      | Entered Level 5 of the Dungeon
  3267 | D:4      | Killed Eustachio
  3268 | D:4      | Reached skill level 3 in Fighting
  3268 | D:4      | Reached skill level 1 in Conjurations
  3268 | D:4      | Reached skill level 1 in Ice Magic
  3268 | D:4      | Reached skill level 1 in Air Magic
  3268 | D:4      | Reached XP level 6. HP: 14/42 MP: 9/9
  3501 | D:4      | Killed Sigmund
  3540 | D:4      | Found a transporter.
  3914 | D:4      | Reached XP level 7. HP: 32/46 MP: 11/11
  4452 | D:5      | Gained mutation: You are missing a hand. [Ru sacrifice]
  4452 | D:5      | Reached ** piety under Ru
  4452 | D:5      | Reached *** piety under Ru
  4452 | D:5      | Reached **** piety under Ru
  4469 | D:5      | Found a shimmering altar of Xom.
  4691 | D:5      | Found a snail-covered altar of Cheibriados.
  4719 | D:5      | Found a staircase to the Ecumenical Temple.
  4853 | D:5      | Found a glowing silver altar of Zin.
  5171 | D:6      | Reached skill level 4 in Fighting
  5171 | D:6      | Reached XP level 8. HP: 21/54 MP: 11/13
  5913 | D:6      | Found a broken altar of Ashenzari.
  6161 | D:6      | Noticed Maggie
  6299 | D:6      | Killed Maggie
  6300 | D:6      | Reached skill level 5 in Fighting
  6464 | D:6      | Reached XP level 9. HP: 27/59 MP: 15/15
  6998 | D:6      | Found a radiant altar of Vehumet.
  6999 | D:6      | Found a burning altar of Makhleb.
  7043 | D:7      | Found a transporter.
  7077 | D:7      | Reached skill level 5 in Dodging
  7640 | D:7      | Found a transporter.
  8374 | D:8      | Gained mutation: You are missing an eye, making it more
                  | difficult to aim. [Ru sacrifice]
  8374 | D:8      | Reached ***** piety under Ru
  9409 | D:8      | Reached skill level 6 in Fighting
  9628 | D:8      | Reached skill level 5 in Conjurations
  9628 | D:8      | Reached skill level 5 in Ice Magic
  9722 | D:8      | Found Usidic's Assorted Antiques.
  9731 | D:8      | Bought a scroll labelled VAURERA ZAOD for 18 gold pieces
 10322 | D:9      | Found an opulent altar of Gozag.
 10344 | D:9      | Reached skill level 5 in Air Magic
 10410 | D:9      | Learned a level 3 spell: Swiftness
 10413 | D:9      | Learned a level 2 spell: Passwall
 10498 | D:9      | Reached XP level 10. HP: 68/68 MP: 14/16
 10613 | D:9      | Noticed a purple ugly thing
 10642 | D:9      | Noticed a two-headed ogre
 10698 | D:9      | Noticed Harold
 10797 | D:9      | Found a stormy altar of Qazlal.
 11241 | D:9      | Killed a two-headed ogre
 11353 | D:9      | Killed a purple ugly thing
 11354 | D:9      | Reached skill level 7 in Fighting
 11433 | D:9      | Identified the +0 plate armour of Resilience {rPois rC+
                  | Dex+2}
 11478 | D:9      | Killed Harold
 11754 | D:9      | Found an ornate altar of the Wu Jian Council.
 11831 | D:10     | Entered Level 10 of the Dungeon
 11887 | D:10     | Found an ancient bone altar of Kikubaaqudgha.
 11889 | D:10     | Reached XP level 11. HP: 72/75 MP: 15/17
 13358 | D:11     | Noticed a tengu warrior
 13477 | D:11     | Noticed a boulder beetle
 13495 | D:11     | Reached skill level 8 in Fighting
 13567 | D:11     | Slain by a boulder beetle

Illustrated notes

Levels and vault maps discovered:
D:1:      eino_arrival_water_cross, layout_rooms,
          hellmonk_ecumenical_altar_inner_sanctum
D:2:      layout_basic, serial_shops, nicolae_shop_bloodbath_and_beyond
D:3:      layout_basic
D:4:      gammafunk_steamed_eel, layout_basic,
          mainiacjoe_overflow_surrounded_room, uniq_sigmund, uniq_eustachio
D:5:      layout_basic, kennysheep_slug_shrine, mainiacjoe_overflow_boulevard,
          lemuel_round_altar, minmay_temple_entry_crystal_x,
          lemuel_flamethrower_1
D:6:      layout_layer_cave, grunt_temple_overflow_lords_of_destruction,
          mainiacjoe_overflow_tiny_flanked, uniq_maggie
D:7:      gammafunk_cloud_chamber, layout_layer_cave
D:8:      layout_layer_cave, serial_shops, nicolae_shop_statue_plus,
          sigmund_army
D:9:      minmay_inner_zag, layout_basic, mainiacjoe_overflow_catwalk,
          mainiacjoe_overflow_small_starburst, mainiacjoe_overflow_alcove_1,
          uniq_harold
D:10:     layout_basic, mainiacjoe_overflow_chevrons,
          nicolae_yredelemnul_corpse_copse, lemuel_crystal_altar
D:11:     minmay_opposing_rooms, layout_stronghold, david_lair_generic,
          serial_ice, serial_ice_h, serial_ice_c, serial_ice_f, serial_ice_m

Skill      XL: |  1  2  3  4  5  6  7  8  9 10 11 |
---------------+----------------------------------+-----
Spellcasting   | 1 2 3 4 |  4.0
Fighting       | 2 3 4 5 6 7 8 |  8.1
Dodging        | 2 3 4 6 7 |  7.9
Conjurations   | 1 2 3 5 6 7 |  7.3
Ice Magic      | 1 2 3 5 6 7 |  7.3
Air Magic      | 1 2 3 5 6 7 |  7.2
Bows           | 0 |  0.0
Axes           | |  4.0
Evocations     | |  3.2

Action                   |  1- 3 |  4- 6 |  7- 9 | 10-12 || total
-------------------------+-------+-------+-------+-------++-------
Melee: Hand axe          |    21 |    72 |   286 |   323 ||   702
       Tentacles         |     8 |    18 |    87 |    90 ||   203
       Constrict         |     4 |    19 |    44 |    20 ||    87
       Punch             |       |       |     8 |     3 ||    11
 Fire: Shortbow          |    39 |    25 |     4 |       ||    68
Throw: Throwing net      |       |       |       |     1 ||     1
 Cast: Mephitic Cloud    |       |       |     7 |    19 ||    26
Invok: Sacrifice Love    |     1 |       |       |       ||     1
       Draw Out Power    |       |       |     3 |     3 ||     6
       Sacrifice a Hand  |       |       |     1 |       ||     1
       Sacrifice an Eye  |       |       |     1 |       ||     1
       Apocalypse        |       |       |       |     2 ||     2
       Reject Sacrifices |       |       |       |     1 ||     1
Evoke: Piece from Xom's  |       |     5 |     8 |     9 ||    22
       Wand              |       |       |     2 |    17 ||    19
  Use: Scroll            |       |     5 |     3 |     3 ||    11
       Potion            |       |       |       |     5 ||     5
 Stab: Sleeping          |       |    10 |     2 |     4 ||    16
       Paralysed         |       |     3 |    19 |    16 ||    38
       Invisible         |       |       |     3 |     6 ||     9
       Confused          |       |       |     3 |     5 ||     8
       Distracted        |       |       |       |     2 ||     2
       Petrified         |       |       |       |     6 ||     6
Armor: Skin              |    10 |     6 |    17 |    34 ||    67
Dodge: Dodged            |    46 |    63 |   184 |   333 ||   626

Table legend: (Time is in decaauts)
 A = Elapsed time spent in this place.
 B = Non-inter-level travel time spent in this place.
 C = Inter-level travel time spent in this place.
 D = Time resting spent in this place.
 E = Time spent auto-exploring this place.
 F = Levels seen in this place.
 G = Mean time per level.
                   A        B        C        D        E       F      G
               +--------+--------+--------+--------+--------+-----+--------+
         Total |  13670 |  13052 |    618 |   3807 |   6865 |  11 | 1242.7 |
       Dungeon |  13670 |  13052 |    618 |   3807 |   6865 |  11 | 1242.7 |
               +--------+--------+--------+--------+--------+-----+--------+

Top non-repeatable levels by time:
     D:8: 2062 daAuts
     D:9: 1538 daAuts
     D:4: 1438 daAuts
    D:10: 1402 daAuts
     D:6: 1399 daAuts
     D:3: 1289 daAuts
     D:7: 1273 daAuts
     D:5: 1254 daAuts
     D:2: 853 daAuts
     D:1: 849 daAuts
    D:11: 309 daAuts
